 Dungeon Crawl Stone Soup version 0.28-a0-429-g1448048969 (webtiles) character file.

Game seed: 1527821139577856207

1094 SkeletonJelly the Arsonist (level 8, -3/63 HPs)
             Began as a Purple Draconian Cinder Acolyte on Sept 11, 2021.
             Was a High Priest of Ignis.
             Slain by a vampire mosquito (5 damage)
             ... on level 5 of the Dungeon.
             The game lasted 00:11:33 (4942 turns).

SkeletonJelly the Arsonist (DrCA)                   Turns: 4942, Time: 00:11:34

Health: -3/63      AC: 10    Str: 17    XL:     8   Next: 10%
Magic:  9/9        EV: 11    Int: 17    God:    Ignis [*****.]
Gold:   214        SH:  5    Dex:  6    Spells: 7/9 levels left

rFire   + . .      SeeInvis .   a - -1 falchion (flame)
rCold   . . .      Faith    .   (no shield)
rNeg    . . .      Spirit   .   (armour unavailable)
rPois   .          Reflect  +   (helmet restricted)
rElec   .          Harm     .   (no cloak)
rCorr   .          Rampage  .   (no gloves)
Will    .....                   (no boots)
Stlth   +.........              d - amulet of reflection
HPRegen 0.20/turn               v - +4 ring of protection
MPRegen 0.11/turn               (no ring)

@: weak-willed, flying, very slightly contaminated, invisible
A: breathe power, AC +6, unfitting armour, cold-blooded
a: Breathe Dispelling Energy, Renounce Religion, Sea of Fire, Foxfire Swarm,
Rising Flame


You were on level 5 of the Dungeon.
You worshipped Ignis.
Ignis was extremely pleased with you.
You visited 1 branch of the dungeon, and saw 5 of its levels.

You collected 214 gold pieces.

Inventory:

Hand Weapons
 a - a -1 falchion of flaming (weapon)
 o - a +1 short sword of venom
 q - a +0 scimitar
Missiles
 u - a poisoned dart
Armour
 w - a +1 pair of gloves
Jewellery
 c - an amulet of the acrobat
 d - an amulet of reflection (around neck)
 v - a +4 ring of protection (left hand)
Scrolls
 b - 2 scrolls of enchant armour
 e - a scroll of enchant weapon {unknown}
 f - a scroll of amnesia
 i - 3 scrolls of identify
 k - a scroll of magic mapping {unknown}
 t - a scroll of noise {unknown}
 x - a scroll of blinking {unknown}
Potions
 g - a potion of degeneration
 j - a potion of curing {unknown}
 l - a potion of brilliance {unknown}
 p - a potion of mutation {unknown}
 r - a potion of berserk rage {unknown}
 s - a potion of attraction {unknown}
 z - a potion of lignification {unknown}


   Skills:
 - Level 3.2 Fighting
 - Level 6.0 Long Blades
 - Level 1.2 Spellcasting
 + Level 8.6 Fire Magic


You had 7 spell levels left.
You knew the following spells:

 Your Spells              Type           Power      Damage    Failure   Level
a - Scorch                Fire           60%        2d8       1%          2

Your spell library contained the following spells:

 Spells                   Type           Power      Damage    Failure   Level
 Static Discharge         Conj/Air       1%         N/A       32%         2
 Gell's Gravitas          Tloc           0%         N/A       54%         3
 Lesser Beckoning         Tloc           1%         N/A       54%         3
 Teleport Other           Tloc           1%         N/A       54%         3
 Lightning Bolt           Conj/Air       0%         1d11      99%         5
 Maxwell's Capacitive Co  Air            0%         ∞         100%        8


Dungeon Overview and Level Annotations

Branches:
Dungeon (5/15)
 Temple: D:4-7

Altars:
Ru

Shops:
D:1 *


Innate Abilities, Weirdness & Mutations

You can breathe bolts of dispelling energy.
Your rich purple scales are hard. (AC +6)
You cannot fit into any form of body armour.
You are cold-blooded and may be slowed by cold attacks.


Message History

The vampire mosquito barely misses you. The vampire mosquito bites you!
The vampire mosquito draws strength from your injuries!
The vampire mosquito misses you.
You take 8 damage, and have 55/63 hp.
The vampire mosquito bites you.
The vampire mosquito draws strength from your injuries!
The vampire mosquito bites you!
The vampire mosquito draws strength from your injuries!
You take 9 damage, and have 46/63 hp.
You open the door.
You block the vampire mosquito's attack.
The vampire mosquito bites you.
The vampire mosquito draws strength from your injuries!
The vampire mosquito barely misses you.
The vampire mosquito bites you but does no damage. x2
The vampire mosquito bites you.
The vampire mosquito draws strength from your injuries!
You take 3 damage, and have 43/63 hp.
You block the vampire mosquito's attack.
There is an open door here.
The vampire mosquito barely misses you. The vampire mosquito bites you!
The vampire mosquito draws strength from your injuries!
The vampire mosquito bites you!
The vampire mosquito draws strength from your injuries!
The vampire mosquito barely misses you.
You take 17 damage, and have 27/63 hp.
MASSIVE DAMAGE!!
There is an open door here.
As you read the scroll labelled DOIROF IPPARR, it crumbles to dust.
It is a scroll of amnesia.
Really abort (and waste the scroll)?
Okay, then.
The vampire mosquito bites you but does no damage. x2
You block the vampire mosquito's attack.
The vampire mosquito bites you.
The vampire mosquito draws strength from your injuries!
The vampire mosquito barely misses you.
You take 1 damage, and have 26/63 hp.
As you read the scroll labelled HICUTEO VUACIS, it crumbles to dust.
It is a scroll of identify.
g - a potion of degeneration The vampire mosquito bites you but does no damage.
The vampire mosquito closely misses you.
The vampire mosquito barely misses you.
You block the vampire mosquito's attack.
The vampire mosquito closely misses you.
As you read the scroll labelled DAAPNIOQERE, it crumbles to dust.
Magic quickly surges around you.
It was a scroll of vulnerability.
The vampire mosquito misses you. The vampire mosquito bites you!
The vampire mosquito draws strength from your injuries!
The vampire mosquito bites you.
* * * LOW HITPOINT WARNING * * *
The vampire mosquito draws strength from your injuries!
The vampire mosquito bites you but does no damage.
The vampire mosquito barely misses you.
The vampire mosquito completely misses you.
You take 12 damage, and have 14/63 hp.
Okay, then.
As you read the scroll labelled PYUNIAMACEUR, it crumbles to dust.
It is a scroll of enchant armour.
Your +0 pair of gloves glows green for a moment.
The vampire mosquito bites you!
* * * LOW HITPOINT WARNING * * *
The vampire mosquito draws strength from your injuries!
You take 9 damage, and have 5/63 hp.
Okay, then.
It was a potion of flight.
You feel very buoyant.
You fly up into the air.
You block the vampire mosquito's attack.
The vampire mosquito bites you but does no damage.
The vampire mosquito closely misses you.
It was a potion of invisibility.
You fade into invisibility!
The vampire mosquito misses you.
The vampire mosquito bites you but does no damage.
The vampire mosquito closely misses you. x2
The white imp gestures at you.
The puff of frost misses the vampire mosquito.
The puff of frost misses you.
You are very lightly contaminated with residual magic.
You block the vampire mosquito's attack.
The white imp gestures at the vampire mosquito.
The puff of frost hits the vampire mosquito!
The vampire mosquito buzzes angrily.
There is an open door here.
The vampire mosquito closely misses you.
You block the vampire mosquito's attack.
The vampire mosquito closely misses you.
You block the vampire mosquito's attack.
The white imp gestures at you. The vampire mosquito bites you.
* * * LOW HITPOINT WARNING * * *
The vampire mosquito draws strength from your injuries!
You take 5 damage, and have 2/63 hp.
You block the vampire mosquito's attack.
MP restored: 9 The vampire mosquito bites you.
You die...

.##..#.........#
..
.#####..5....(.#
..# #.........#
..# #####.....#
..# #..Z..# ..#
#...y.# .##
#....y########
##
######y......#
#.@.....#
#..>....#
#.......#
#.......#
#.......#
#########


You could see 3 vampire mosquitoes and a bullfrog zombie (weak-willed).

Vanquished Creatures
  A troll (D:5)
  Grinder (D:3)
  A water moccasin (D:5)
  A necrophage (D:4)
  A sky beast (D:4)
  A scorpion (D:5)
  An orc priest (D:3)
  2 bullfrog skeletons
  A scorpion zombie (D:5)
  An orc wizard (D:4)
  A hound skeleton (D:5)
  4 gnolls (D:4)
  An adder (D:4)
  A white imp (D:3)
  An ufetubus (D:3)
  An adder skeleton (D:4)
  3 worms
  5 dart slugs
  14 orcs
  6 endoplasms
  2 giant cockroaches
  5 goblins
  5 hobgoblins
  2 jackals (D:4)
  5 quokkas
  8 ball pythons
  4 bats
  2 frilled lizards (D:1)
  13 kobolds
  5 rats
99 creatures vanquished.

Vanquished Creatures (others)
  28 foxfires (D:5)
28 creatures vanquished.

Grand Total: 127 creatures vanquished

Notes
Turn   | Place    | Note
-------+----------+-------------------------------------------
     0 | D:1      | SkeletonJelly the Draconian Cinder Acolyte began the quest
                  | for the Orb.
     0 | D:1      | Reached XP level 1. HP: 19/19 MP: 2/2
   223 | D:1      | Reached XP level 2. HP: 26/26 MP: 3/3
   372 | D:1      | Learned a level 2 spell: Scorch
   640 | D:1      | Found Voant's Assorted Antiques.
  1010 | D:1      | Reached XP level 3. HP: 25/31 MP: 2/4
  1542 | D:2      | Found a faded altar of an unknown god.
  1659 | D:3      | Noticed Grinder
  1660 | D:3      | Paralysed by Grinder for 3 turns
  1695 | D:3      | Paralysed by Grinder for 2 turns
  1708 | D:3      | Killed Grinder
  1709 | D:3      | Reached skill level 5 in Long Blades
  1709 | D:3      | Reached skill level 5 in Fire Magic
  1709 | D:3      | Reached XP level 4. HP: 38/38 MP: 0/5
  1709 | D:3      | Reached XP level 5. HP: 45/45 MP: 0/6
  1948 | D:3      | Reached XP level 6. HP: 51/51 MP: 0/7
  3278 | D:4      | Noticed a sky beast
  3290 | D:4      | Killed a sky beast
  3468 | D:4      | Reached skill level 6 in Fire Magic
  3468 | D:4      | Your scales start taking on a rich purple colour.
  3468 | D:4      | Reached XP level 7. HP: 48/57 MP: 8/8
  4088 | D:4      | Found a sacrificial altar of Ru.
  4457 | D:5      | Entered Level 5 of the Dungeon
  4507 | D:5      | Noticed a troll
  4533 | D:5      | Killed a troll
  4534 | D:5      | Reached skill level 8 in Fire Magic
  4767 | D:5      | Reached XP level 8. HP: 63/63 MP: 4/9
  4939 | D:5      | HP: 2/63 [vampire mosquito (6)]
  4942 | D:5      | Slain by a vampire mosquito

Illustrated notes

Levels and vault maps discovered:
D:1:      nicolae_arrival_washed_ashore, layout_loops_ring, serial_shops, shop,
          grunt_decor_cap
D:2:      layout_rooms, ebering_ecumenical_altar_abandoned
D:3:      layout_basic, uniq_grinder
D:4:      layout_cave_pools, marbit_many_paths, minmay_door_square,
          minmay_misc_feat_four_crosses, chequers_serial_rivers_micro_a,
          kennysheep_generic_room_10
D:5:      layout_gridville, lemuel_zombie_altar_kikubaaqudgha,
          minmay_misc_feat_nine_boxes

Skill      XL: |  1  2  3  4  5  6  7 |
---------------+----------------------+-----
Long Blades    | 5 6 |  6.0
Fire Magic     | 5 6 8 |  8.6
Fighting       | |  3.2
Spellcasting   | |  1.2

Action                   |  1- 3 |  4- 6 |  7- 9 || total
-------------------------+-------+-------+-------++-------
Melee: Falchion          |    57 |    40 |    34 ||   131
       Tailslap          |     7 |     5 |     2 ||    14
 Cast: Scorch            |    16 |    33 |    33 ||    82
Invok: Foxfire Swarm     |       |       |     2 ||     2
 Abil: Breathe Dispellin |       |       |     2 ||     2
Evoke: Wand              |     6 |       |     1 ||     7
  Use: Scroll            |       |       |     4 ||     4
       Potion            |       |       |     2 ||     2
Armor: Skin              |    27 |    11 |    20 ||    58
Dodge: Dodged            |    46 |    17 |    61 ||   124
Block: Other             |     9 |     9 |    31 ||    49
       Reflection        |       |       |     3 ||     3

Table legend: (Time is in decaauts)
 A = Elapsed time spent in this place.
 B = Non-inter-level travel time spent in this place.
 C = Inter-level travel time spent in this place.
 D = Time resting spent in this place.
 E = Time spent auto-exploring this place.
 F = Levels seen in this place.
 G = Mean time per level.
                   A        B        C        D        E       F      G
               +--------+--------+--------+--------+--------+-----+--------+
         Total |   4957 |   4682 |    275 |      0 |   3969 |   5 |  991.4 |
       Dungeon |   4957 |   4682 |    275 |      0 |   3969 |   5 |  991.4 |
               +--------+--------+--------+--------+--------+-----+--------+

Top non-repeatable levels by time:
     D:3: 1643 daAuts
     D:4: 1083 daAuts
     D:1: 1064 daAuts
     D:2: 682 daAuts
     D:5: 484 daAuts
